 Dungeon Crawl Stone Soup version 0.26-a0-504-g0cf647090d (webtiles) character file.

Game seed: 17518158530413914521

29 Ge0ff the Ruffian (level 3, 0/28 HPs)
             Began as a Barachi Warper on Aug 8, 2020.
             Was an Initiate of Okawaru.
             Slain by a hound (3 damage)
             ... on level 4 of the Dungeon.
             The game lasted 00:03:07 (426 turns).

Ge0ff the Ruffian (Barachi Warper)                   Turns: 426, Time: 00:03:07

Health: 0/28       AC:  5    Str: 13    XL:     3   Next: 16%
Magic:  6/6        EV:  8    Int: 13    God:    Okawaru [......]
Gold:   50         SH:  6    Dex: 11    Spells: 6/6 levels left

rFire    . . .     SeeInvis .     - Unarmed
rCold    . . .     Faith    .   D - +0 kite shield
rNeg     . . .     Spirit   .   G - +0 ring mail (curse)
rPois    .         Reflect  .   (no helmet)
rElec    .         Harm     .   (no cloak)
rCorr    .                      (no gloves)
MR       .....                  (no boots)
Stlth    +.........             H - amulet of inaccuracy (curse)
HPRegen  0.09/turn              C - ring of flight
MPRegen  0.10/turn              (no ring)

@: slow
A: +LOS, swims, slowness 1, strong legs 1
a: Hop, Renounce Religion, Evoke Flight


You were on level 4 of the Dungeon.
You worshipped Okawaru.
Okawaru was noncommittal.
You visited 1 branch of the dungeon, and saw 4 of its levels.

You collected 50 gold pieces.

Inventory:

Missiles
 d - 4 boomerangs of dispersal (quivered) {don't train}
 F - 4 atropa-tipped darts {don't train}
Armour
 a - a +0 leather armour
 D - a +0 kite shield (worn)
 G - a cursed +0 ring mail (worn)
Jewellery
 C - a ring of flight (left hand)
 H - a cursed amulet of inaccuracy (around neck)
Scrolls
 B - a scroll of blinking


   Skills:
 - Level 2.4 Fighting
 - Level 1.0 Throwing
 - Level 1.2 Armour
 - Level 2.1 Dodging
 + Level 3.9 Unarmed Combat
 - Level 2.1 Spellcasting
   Level 3.2 Translocations


You had 6 spell levels left.
You didn't know any spells.
Your spell library contained the following spells:

 Spells                   Type           Power        Failure   Level
 Blink                    Tloc           N/A          82%         2
 Gell's Gravitas          Tloc           #.........   96%         3
 Lesser Beckoning         Tloc           #.........   96%         3
 Teleport Other           Tloc           #.......     96%         3
 Passage of Golubria      Tloc           N/A          100%        4


Dungeon Overview and Level Annotations

Branches:
Dungeon (4/15)
 Temple: D:4-7

Altars:
Gozag
Okawaru


Innate Abilities, Weirdness & Mutations

You can be seen from farther away. (+LOS)
You can swim through water.
You cover ground slowly.
You can hop short distances.


Message History

You closely miss the hound. The hound barely misses you.
You completely miss the hound. The hound bites you.
* * * LOW HITPOINT WARNING * * *
The hound bites you.
* * * LOW HITPOINT WARNING * * *
You closely miss the hound. The hound bites you.
* * * LOW HITPOINT WARNING * * *
The hound bites you.
* * * LOW HITPOINT WARNING * * *
You miss the hound. The hound completely misses you.
You aren't carrying any potions.
Okay, then.
You miss the hound. You block the hound's attack.
You closely miss the hound. The hound closely misses you.
The hound barely misses you.
You closely miss the hound. The hound closely misses you.
You miss the hound. The hound closely misses you.
The hound bites you but does no damage.
You closely miss the hound. The hound bites you.
You die...

...# .....###
$......# ......#
##+# ...... ##...#
....# ##.....##
###...#
##...$...######.#..#
#.........##.@hs..#
+.......<.'..####.#
#.........##.#....#
##.......###.#.##..
##.....## #.# ....
##...# ... ._...
##+# .## ....#.# .
...##.# .. ###.. #


You could see a hound and a giant cockroach.

Vanquished Creatures
  An adder (D:3)
  An ooze (D:3)
  2 leopard geckos (D:3)
  An orc (D:3)
  2 bats (D:3)
  A giant cockroach (D:3)
  A hobgoblin (D:3)
  2 frilled lizards
  2 kobolds (D:3)
  A rat (D:3)
14 creatures vanquished.

Notes
Turn   | Place    | Note
-------+----------+-------------------------------------------
     0 | D:1      | Ge0ff the Barachi Warper began the quest for the Orb.
     0 | D:1      | Reached XP level 1. HP: 17/17 MP: 3/3
   138 | D:3      | Found an iron altar of Okawaru.
   156 | D:3      | Reached XP level 2. HP: 7/23 MP: 5/5
   167 | D:3      | Became a worshipper of Warmaster Okawaru
   345 | D:3      | Reached XP level 3. HP: 16/28 MP: 6/6
   410 | D:4      | Found an opulent altar of Gozag.
   426 | D:4      | Slain by a hound

Illustrated notes

Levels and vault maps discovered:
D:1:      nzn_arrival_depleted_hourglass, layout_basic, minmay_pentomino_u2
D:2:      layout_loops_corners, minmay_misc_feat_four_crosses, uniq_sigmund
D:3:      minmay_razor_zed, layout_basic,
          grunt_temple_overflow_growth_and_decay, okawaru_gym_becter
D:4:      layout_loops_corners, chequers_temple_overflow_statue_of_worship,
          nicolae_overflow_crystal_walls, minmay_temple_entry_proselytizer,
          serial_bayou_ford_a

Skill      XL: |  1 |
---------------+----+-----
Unarmed Combat | 3 |  3.9
Fighting       | |  2.4
Throwing       | |  1.0
Armour         | |  1.2
Dodging        | |  2.1
Spellcasting   | |  2.1
Translocations | |  3.2

Action                   || total
-------------------------++-------
Melee: Unarmed           ||    92
Throw: Boomerang         ||     1
  Use: Potion            ||     1
       Scroll            ||     2
Armor: Ring mail         ||    20
Dodge: Dodged            ||    38
Block: Kite shield       ||    28

Table legend: (Time is in decaauts)
 A = Elapsed time spent in this place.
 B = Non-inter-level travel time spent in this place.
 C = Inter-level travel time spent in this place.
 D = Time resting spent in this place.
 E = Time spent auto-exploring this place.
 F = Levels seen in this place.
 G = Mean time per level.
                   A        B        C        D        E       F      G
               +--------+--------+--------+--------+--------+-----+--------+
         Total |    504 |    504 |      0 |      0 |      0 |   4 |  126.0 |
       Dungeon |    504 |    504 |      0 |      0 |      0 |   4 |  126.0 |
               +--------+--------+--------+--------+--------+-----+--------+

Top non-repeatable levels by time:
     D:3: 389 daAuts
     D:2: 50 daAuts
     D:4: 33 daAuts
     D:1: 30 daAuts
